 Dungeon Crawl Stone Soup version 0.30.1-11-g7821555f0a (webtiles) character file.

Game seed: 6319578090050238051

5142 Iscariot the Fighter (level 10, -3/97 HPs)
             Began as a Minotaur Fighter on Dec 7, 2023.
             Was a Priest of Trog.
             Slain by an orc knight
             ... wielding a +0 halberd
              (13 damage)
             ... in a bailey.
             The game lasted 00:16:51 (6084 turns).

Iscariot the Fighter (Minotaur Fighter)             Turns: 6084, Time: 00:16:51

Health: -3/97      AC: 17    Str: 24    XL:     10   Next: 33%
Magic:  9/9        EV: 12    Int:  5    God:    Trog [***...]
Gold:   412        SH:  0    Dex: 11    Spells: 9/9 levels left

rFire   . . .        x - +4 broad axe
rCold   . . .        (no shield)
rNeg    . . .        y - +0 plate armour
rPois   .            (helmet restricted)
rElec   .            (no cloak)
rCorr   +            e - +0 pair of gloves
SInv    .            (no boots)
Will    .....        (no amulet) Stlth
                     v - +5 ring of evasion
HPRegen 0.36/turn    i - ring of resist corrosion
MPRegen 0.11/turn

%: no passive effects
@: no status effects
A: horns 2, retaliatory headbutt
a: Renounce Religion, Berserk, Trog's Hand


You were in a bailey.
You worshipped Trog.
Trog was most pleased with you.
You visited 1 branch of the dungeon, and saw 8 of its levels.
You also visited: Bailey.

You collected 412 gold pieces.

Inventory:

Hand Weapons
 a - a +0 war axe
 p - a +2 vampiric hand axe
 t - a +1 flail of protection
 x - a +4 broad axe (weapon)
Armour
 b - a +0 scale mail
 e - a +0 pair of gloves (worn)
 y - a +0 plate armour (worn)
Jewellery
 i - a ring of resist corrosion (right hand)
 j - a ring of resist corrosion
 v - a +5 ring of evasion (left hand)
Wands
 d - a wand of digging (5)
 r - a wand of flame (16)
Scrolls
 c - a scroll of enchant weapon
 g - a scroll of noise
 l - a scroll of fear
 n - a scroll of identify
 o - a scroll of poison {unknown}
Potions
 f - 3 potions of haste
 h - 5 potions of flight
 k - 2 potions of curing {unknown}
 m - 2 potions of heal wounds {unknown}
 q - 2 potions of resistance {unknown}
 s - a potion of lignification {unknown}
 u - a potion of degeneration {unknown}
 z - 2 potions of cancellation {unknown}
 A - 2 potions of invisibility {unknown}
 B - a potion of might


   Skills:
 + Level 12.2 Fighting
 + Level 11.8 Axes
 + Level 12.1 Armour
 - Level 3.6 Shields


You had 9 spell levels left.
You didn't know any spells.
Your spell library was empty.

Dungeon Overview and Level Annotations

Branches:
Dungeon (10/15)            Temple (0/1) D:6          Bailey (1/1)
   Lair: D:8-11         Orc: D:9-12

Altars:
Dithmenos
Trog
The Shining One

Annotations:
D:9 Grum


Innate Abilities, Weirdness & Mutations

You have a pair of horns on your head.
You reflexively headbutt those who attack you in melee.


Message History

You punch the orc knight, but do no damage.
The orc knight is lightly wounded.
The orc knight closely misses you.
You hit the orc knight.
You headbutt the orc knight, but do no damage.
The orc knight is moderately wounded.
The orc knight closely misses you.
You barely miss the orc knight.
The orc knight is moderately wounded.
The orc knight hits you with a +0 halberd!
You barely miss the orc knight.
The orc knight is lightly wounded.
The orc knight hits you with a +0 halberd.
You barely miss the orc knight. You headbutt the orc knight.
The orc knight is moderately wounded.
The orc knight hits you with a +0 halberd.
You hit the orc knight.
The orc knight is moderately wounded.
The orc knight hits you with a +0 halberd.
You slash the orc knight!
The orc knight is heavily wounded.
The orc knight hits you with a +0 halberd!!
* * * LOW HITPOINT WARNING * * *
You hit the orc knight but do no damage.
Your punch misses the orc knight.
The orc knight is heavily wounded.
The orc knight misses you. You furiously retaliate!
You headbutt the orc knight. You barely miss the orc knight.
You headbutt the orc knight, but do no damage.
The orc knight is heavily wounded.
The orc knight closely misses you.
You hit the orc knight but do no damage.
The orc knight is heavily wounded.
The orc knight hits you with a +0 halberd!
* * * LOW HITPOINT WARNING * * *
You barely miss the orc knight. Your headbutt misses the orc knight.
The orc knight is heavily wounded.
The orc knight hits you with a +0 halberd!
You die...

###'###
##.....##
#.......#
#)......#
#)))....#
#))#.#..#
#)##8##.#
#o.#.#..#
#@......#
#.......#
#∩.....∩#
#.......#
##..∩..##
#######


You could see an orc knight.

Vanquished Creatures
  A shadow (D:10)
  The ghost of looking the Grasshopper, an amateur NaWr (D:3)
  2 wargs (D:10)
  2 ice beasts (D:5)
  5 orc warriors
  A wolf (D:9)
  A centaur (D:5)
  2 phantoms (D:4)
  A gnoll sergeant (D:5)
  A scorpion (D:4)
  3 wights (D:5)
  2 hounds
  3 jellies (D:3)
  7 orc priests
  An iguana (D:6)
  Ijyb (D:5)
  4 orc wizards
  7 gnolls (D:5)
  6 adders
  A white imp (D:6)
  A worm (D:4)
  3 dart slugs
  47 orcs
  5 ball pythons
  6 bats
  18 endoplasms
  3 giant cockroaches
  9 goblins
  10 hobgoblins
  3 jackals (D:3)
  3 quokkas
  3 frilled lizards
  13 kobolds
  7 rats
183 creatures vanquished.

Notes
Turn   | Place    | Note
-------+----------+-------------------------------------------
     0 | D:1      | Iscariot the Minotaur Fighter began the quest for the Orb.
     0 | D:1      | Reached XP level 1. HP: 19/19 MP: 0/0
    73 | D:1      | Reached XP level 2. HP: 27/27 MP: 1/1
   372 | D:1      | Reached XP level 3. HP: 33/33 MP: 2/2
  1295 | D:2      | Found a shadowy altar of Dithmenos.
  1510 | D:3      | Reached XP level 4. HP: 41/41 MP: 3/3
  1546 | D:3      | Found a bloodstained altar of Trog.
  1573 | D:3      | Became a worshipper of Trog the Wrathful
  1785 | D:3      | Found a runed translucent gate.
  1785 | D:3      | Found a runed translucent gate.
  1785 | D:3      | Found a runed translucent gate.
  1791 | D:3      | Noticed looking's ghost (amateur NaWr)
  1824 | D:3      | Found a glowing golden altar of the Shining One.
  2007 | D:3      | Reached skill level 5 in Fighting
  2007 | D:3      | Reached skill level 5 in Armour
  2007 | D:3      | Reached XP level 5. HP: 35/48 MP: 4/4
  2566 | D:3      | Killed looking's ghost
  2567 | D:3      | Reached skill level 5 in Axes
  2567 | D:3      | Reached XP level 6. HP: 23/57 MP: 5/5
  2971 | D:4      | Reached * piety under Trog
  3036 | D:4      | Reached XP level 7. HP: 50/64 MP: 6/6
  3785 | D:5      | Entered Level 5 of the Dungeon
  3788 | D:5      | Noticed Ijyb
  3800 | D:5      | Killed Ijyb
  4102 | D:5      | Reached ** piety under Trog
  4410 | D:5      | Reached XP level 8. HP: 55/73 MP: 7/7
  5023 | D:6      | You fall into a shaft and drop 3 floors!
  5084 | D:9      | Noticed Grum
  5112 | D:10     | Entered Level 10 of the Dungeon
  5295 | D:10     | Found a flagged portal.
  5319 | D:10     | Reached XP level 9. HP: 83/83 MP: 8/8
  5344 | Bailey   | Entered a bailey
  5353 | Bailey   | Reached *** piety under Trog
  5854 | Bailey   | Noticed an orc knight
  6061 | Bailey   | Reached XP level 10. HP: 73/97 MP: 9/9
  6084 | Bailey   | Slain by an orc knight

Illustrated notes

Levels and vault maps discovered:
D:1:      dpeg_arrival_boxes_within_box, layout_loops_ring, serial_bayou_pond_e,
          wander_ebering_terrifying_dragon_lair
D:2:      layout_basic, basic_altar
D:3:      cheibrodos_fertilizer, layout_loops_ring,
          mainiacjoe_overflow_alcove_4, old_standard_altar,
          ebering_ghost_rock_garden, nicolae_elevator_lobby_plus
D:4:      layout_basic, kennysheep_orc_chapel
D:5:      layout_loops_cross, kennysheep_pointless_box, uniq_ijyb
D:6:      hangedman_cross_stitches, layout_cave_pools,
          gammafunk_temple_overflow_forgotten,
          minmay_temple_entry_statues_pillars, uniq_blork_the_orc,
          uniq_prince_ribbit1
D:9:      layout_loops_ring, gammafunk_ghost_grave, uniq_grum
D:10:     layout_loops_ring, kennysheep_mini_moat, erik_lair_orcish_takeover,
          enter_trove_2, enter_bailey_5
Bailey:   bailey_polearm_5, bailey

Skill      XL: |  1  2  3  4  5  6  7  8  9 |
---------------+----------------------------+-----
Fighting       | 4 5 6 7 9 12 | 12.2
Armour         | 4 5 6 7 8 12 | 12.1
Axes           | 3 4 5 6 8 11 | 11.8
Shields        | |  3.6

Action                     |  1- 3 |  4- 6 |  7- 9 | 10-12 || total
---------------------------+-------+-------+-------+-------++-------
  Melee: War axe           |    69 |    87 |    45 |       ||   201
         Headbutt          |     7 |    15 |    35 |     4 ||    61
         Hand axe          |       |       |    57 |       ||    57
         Broad axe         |       |       |   127 |    18 ||   145
         Punch             |       |       |       |     1 ||     1
 Invoke: Berserk           |       |       |     1 |       ||     1
         Trog's Hand       |       |       |     1 |       ||     1
    Use: Potion            |       |     2 |     2 |       ||     4
         Scroll            |       |     6 |     8 |     4 ||    18
 Armour: Scale mail        |    36 |    46 |    98 |       ||   180
         Plate armour      |       |       |     5 |     3 ||     8
  Dodge: Dodged            |    32 |    42 |   223 |     8 ||   305
  Block: Buckler           |    17 |    15 |    14 |       ||    46
